 Dungeon Crawl Stone Soup version 0.24.0-2-g5b39cebb1c (webtiles) character file.

Game seed: 663076413919724120, levelgen mode: deterministic

366 Fingolfin the Skirmisher (level 7, -3/58 HPs)
             Began as a Formicid Necromancer on Oct 31, 2019.
             Slain by DevastatorOne's ghost (11 damage)
             ... on level 3 of the Dungeon.
             The game lasted 00:10:49 (4767 turns).

Fingolfin the Skirmisher (Formicid Necromancer)     Turns: 4767, Time: 00:10:50

Health: -3/58      AC:  6    Str: 14    XL:     7   Next: 0%
Magic:  10/10      EV: 11    Int: 15    God:
Gold:   200        SH:  0    Dex: 11    Spells: 9/10 levels left

rFire    . . .     SeeInvis +   a - +0 war axe
rCold    . . .     Gourm    .   (no shield)
rNeg     . . .     Faith    .   r - +0 ring mail
rPois    .         Spirit   .   (helmet unavailable)
rElec    .         Reflect  .   (no cloak)
rCorr    .         Harm     .   (no gloves)
MR       .....                  l - +0 pair of boots
Stlth    +.........             (no amulet)
HPRegen  0.19/turn              (no ring)
MPRegen  0.12/turn              (no ring)

@: no status effects
A: permanent stasis, dig shafts and tunnels, four strong arms, antennae 3
a: Dig, Shaft Self


You were on level 3 of the Dungeon.
You were near starving.

You visited 1 branch of the dungeon, and saw 4 of its levels.

You collected 200 gold pieces.

Inventory:

Hand Weapons
 a - a +0 war axe (weapon)
 i - a +0 short sword of freezing
Missiles
 f - 169 stones (quivered)
Armour
 l - a +0 pair of boots (worn)
 r - a +0 ring mail (worn)
Scrolls
 b - 2 scrolls of teleportation {unknown}
 e - 3 scrolls of remove curse
 m - a scroll of magic mapping {unknown}
 n - 2 scrolls of random uselessness {unknown}
 q - a scroll of enchant weapon {unknown}
Potions
 c - 2 potions of brilliance
 h - 2 potions of mutation
 j - a potion of cancellation
 k - a potion of curing
 o - a potion of berserk rage {unknown}
 p - a potion of resistance {unknown}
Comestibles
 d - 7 rations


   Skills:
 - Level 6.0 Fighting
 + Level 0.7 Axes
 + Level 3.3 Armour
 - Level 1.7 Dodging
 - Level 2.4 Stealth
 - Level 2.1 Spellcasting
 - Level 4.0 Necromancy


You had 9 spell levels left.
You knew the following spells:

 Your Spells              Type           Power        Failure   Level  Hunger
a - Pain                  Necr           ##..         9%          1    #......

Your spell library contained the following spells:

 Spells                   Type           Power        Failure   Level  Hunger
 Animate Skeleton         Necr           N/A          9%          1    #......
 Vampiric Draining        Necr           ##........   26%         3    ###....
 Regeneration             Chrm/Necr      #.........   50%         3    ###....
 Animate Dead             Necr           N/A          63%         4    #####..


Dungeon Overview and Level Annotations

Branches:
Dungeon (4/15)
 Temple: D:4-7

Altars:

Annotations:
D:3 DevastatorOne's ghost, novice MiBe


Innate Abilities, Weirdness & Mutations

You cannot be hasted, slowed, berserked, paralysed or teleported.
You can dig through walls and to a lower floor.
Your four strong arms can wield two-handed weapons with a shield.
You have a pair of large antennae on your head. (SInv)


Message History

The ogre is heavily wounded.
The ogre misses you.
You hit the ogre.
The ogre is severely wounded.
The ogre hits you with a +0 giant club!!
You hit the ogre but do no damage.
The ogre is severely wounded.
The ogre hits you with a +0 giant club!!
* * * LOW HITPOINT WARNING * * *
Things that are here:
a +0 club; a +0 chain mail Quiver which item? (- for none, * to show all) (? for menu, Esc to quit)
Okay, then.
There is a stone staircase leading up here.
You climb upwards.
Level annotation: DevastatorOne's ghost, novice MiBe DevastatorOne's ghost hits you.
* * * LOW HITPOINT WARNING * * *
DevastatorOne's ghost hits you!
You die...

#...# #.#.# #W#.#
##### #.#.# ....#
####.#.# ...)#
#....#.# ....#
###.####.#
....#####...####.#
................@#
...............W##
................#
................#
####............#
# #............# #
#............# #
#............#
##############


You could see DevastatorOne's ghost.

Vanquished Creatures
  2 ogres (D:3)
  An orc wizard (D:3)
  5 adders
  3 oozes
  3 worms
  A dart slug (D:1)
  4 leopard geckos
  6 orcs
  6 bats
  7 giant cockroaches
  9 goblins
  6 hobgoblins
  14 jackals
  5 quokkas
  A ball python (D:1)
  2 frilled lizards
  6 kobolds
  A leopard gecko skeleton (D:4)
  14 rats
96 creatures vanquished.

Notes
Turn   | Place    | Note
-------+----------+-------------------------------------------
     0 | D:1      | Fingolfin the Formicid Necromancer began the quest for the
                  | Orb.
     0 | D:1      | Reached XP level 1. HP: 13/13 MP: 3/3
   599 | D:1      | Reached skill level 1 in Fighting
   599 | D:1      | Reached XP level 2. HP: 12/22 MP: 0/5
   747 | D:1      | Reached skill level 2 in Fighting
  1015 | D:1      | Reached XP level 3. HP: 28/28 MP: 4/6
  1261 | D:1      | Reached skill level 3 in Fighting
  1670 | D:1      | Reached XP level 4. HP: 34/36 MP: 3/7
  1917 | D:2      | Reached skill level 4 in Fighting
  2564 | D:2      | Reached XP level 5. HP: 34/43 MP: 1/8
  2655 | D:3      | Noticed an ogre
  2664 | D:3      | HP: 1/43 [ogre/+0 giant club (15)]
  3118 | D:3      | Killed an ogre
  3118 | D:3      | Reached skill level 5 in Fighting
  3118 | D:3      | Reached XP level 6. HP: 25/52 MP: 5/9
  3491 | D:3      | Reached skill level 6 in Fighting
  3512 | D:3      | Reached skill level 1 in Armour
  3761 | D:3      | Noticed an ogre
  3786 | D:3      | Killed an ogre
  4378 | D:4      | Found a runed translucent door.
  4378 | D:4      | Noticed DevastatorOne's ghost (novice MiBe)
  4711 | D:4      | Noticed an ogre
  4713 | D:4      | Reached XP level 7. HP: 57/58 MP: 10/10
  4721 | D:4      | HP: 1/58 [ogre/+0 giant club (23)]
  4767 | D:3      | Slain by DevastatorOne's ghost

Levels and vault maps discovered:
D:1:      dpeg_cavernosity, layout_basic
D:2:      layout_rooms, first_ration
D:3:      layout_basic, dk_noncrumbling_2
D:4:      minmay_chambers_of_twos, layout_basic, gammafunk_ghost_grave

Skill      XL: |  1  2  3  4  5  6 |
---------------+-------------------+-----
Fighting       | 1 2 3 4 5 6 |  6.0
Armour         | 3 |  3.3
Axes           | |  0.7
Dodging        | |  1.7
Stealth        | |  2.4
Spellcasting   | |  2.1
Necromancy     | |  4.0

Action                   |  1- 3 |  4- 6 |  7- 9 || total
-------------------------+-------+-------+-------++-------
Melee: Unarmed           |    24 |       |       ||    24
       Short sword       |     6 |    57 |       ||    63
       War axe           |       |    59 |     7 ||    66
 Cast: Pain              |    59 |   111 |       ||   170
  Use: Scroll            |     2 |     4 |       ||     6
  Eat: Chunk             |     3 |     7 |       ||    10
       Ration            |       |     1 |       ||     1
Armor: Robe              |     7 |     6 |       ||    13
       Ring mail         |       |    56 |     2 ||    58
Dodge: Dodged            |    23 |   107 |     3 ||   133
